 Dungeon Sprint DCSS version 0.27-a0-1579-g97d2440184 (webtiles) character file.

Game seed: 2362105316308381065

6900000 Nausicaa the Axe Maniac (level 27, -67/249 HPs)
             Began as a Demonspawn Warper on July 18, 2021.
             Was the Champion of Makhleb.
             Annihilated by The Servant (101 damage)
             ... in the Dungeon (Sprint VIII: "Arena of Blood").
             The game lasted 00:12:59 (69 turns).

Nausicaa the Axe Maniac (Demonspawn Warper)           Turns: 69, Time: 00:12:59

Health: -67/249    AC:  6    Str: 16    XL:     27
Magic:  20/54      EV: 32    Int: 16    God:    Makhleb [******]
Gold:   0          SH:  0    Dex: 20    Spells: 80/80 levels left

rFire    . . .     SeeInvis .   j - +∞ Axe of Woe
rCold    . . .     Faith    .   (shield currently unavailable)
rNeg     . . .     Spirit   .   b - +0 leather armour
rPois    .         Reflect  .   (helmet unavailable)
rElec    .         Harm     .   (no cloak)
rCorr    .         Rampage  .   (gloves unavailable)
Will     +++..     NoTele   +   (boots unavailable)
Stlth    ++++++++++             (no amulet)
HPRegen  8.51/turn              (no ring)
MPRegen  0.34/turn              (no ring)

@: hasted and slowed
A: claws 3, horns 3, talons 3, hurl damnation, powered by death 3, spiny 3,
torment resistance 1, demonic willpower
a: Hurl Damnation, Renounce Religion, Minor Destruction, Lesser Servant of
Makhleb, Major Destruction, Greater Servant of Makhleb


You were in the Dungeon.
You worshipped Makhleb.
Makhleb was exalted by your worship.
You visited 1 branch

Inventory:

Hand Weapons
 a - a +0 hand axe
 j - the +∞ Axe of Woe (weapon)
   (You found it in the Dungeon)
Missiles
 d - 5 boomerangs of dispersal (quivered)
Armour
 b - a +0 leather armour (worn)
Jewellery
 k - a ring of see invisible
Scrolls
 c - a scroll of blinking
Potions
 e - a potion of curing
 f - a potion of heal wounds
 h - 2 potions of magic
 i - a potion of berserk rage


   Skills:
 O Level 27 Fighting
 O Level 27 Short Blades
 O Level 27 Long Blades
 O Level 27 Axes
 O Level 27 Maces & Flails
 O Level 27 Polearms
 O Level 27 Staves
 O Level 27 Slings
 O Level 27 Bows
 O Level 27 Crossbows
 O Level 27 Throwing
 O Level 27 Armour
 O Level 27 Dodging
 O Level 27 Stealth
 O Level 27 Shields
 O Level 27 Unarmed Combat
 O Level 27 Spellcasting
 O Level 27 Conjurations
 O Level 27 Hexes
 O Level 27 Summonings
 O Level 27 Necromancy
 O Level 27 Translocations
 + Level 16.7 Transmutations
 O Level 27 Poison Magic
 O Level 27 Invocations
 O Level 27 Evocations


You had 80 spell levels left.
You didn't know any spells.
Your spell library contained the following spells:

 Spells                   Type           Power      Damage    Failure   Level
 Blink                    Tloc           N/A        N/A       0%          2
 Gell's Gravitas          Tloc           41%        N/A       0%          3
 Lesser Beckoning         Tloc           41%        N/A       0%          3
 Teleport Other           Tloc           82%        N/A       0%          3
 Manifold Assault         Tloc           82%        N/A       0%          5


Dungeon Overview and Level Annotations

Branches:
Dungeon (1/1)

Altars:
Makhleb

Annotations:
D The Servant


Innate Abilities, Weirdness & Mutations

You have claws for hands.
You have a pair of large horns on your head.
You have claws for feet.
You can hurl damnation.
You regenerate a lot of health from kills.
You are completely covered in sharp spines.
You are resistant to unholy torment.
You punish those that try to bend your will. (Will+)


Message History

The accursed is lightly damaged.
The bolt of acid misses the large bag of meat.
The bolt of acid hits the bag of meat!!!
The bag of meat is splashed with acid.
The acid corrodes the bag of meat!
The bag of meat is lightly wounded.
You hear a shout! x4
A bag of meat comes into view. It is wielding a +9 war axe.
You hear a shout! x3
A meat berserker comes into view. It is wielding a +9 battleaxe.
You hear a shout! x2
The bag of meat hits you with a +9 war axe!!
The Servant hits you from afar with a +9 glaive of flaming!!!!
The Servant burns you.
You hear a shout!
The bag of meat hits you with a +9 war axe.
A meat beast comes into view.
The Servant is no longer covered in acid.
You hear a shout! x12
The destroyer blinks!
You hear a shout! x3
The bag of meat is struck by your spines.
The bag of meat completely misses you.
You hear a shout!
The meat beast moves out of view.
You hear a bleat!
You hear a shout!
You feel yourself speed up.
The accursed is no longer covered in acid.
You hear a shout! x7
The Servant hits you from afar with a +9 glaive of flaming!!
The Servant burns you!
You hear a shout! x2
The destroyer is struck by your spines. The destroyer completely misses you.
The destroyer bites you but does no damage.
The accursed points at you and mumbles some strange words.
Something smites you!
The bag of meat is struck by your spines.
The bag of meat hits you with a +9 war axe!!!
* * * LOW HITPOINT WARNING * * *
The Servant hits you from afar with a +9 glaive of flaming!!!!
You die...

#################
#..........o....###
.......)))o.)......
.....##.##V#####.o.
.........@o@OOoo2o
.####.....##O##oMO..o
.O#................o...
....#..........#o#.oo...
..o.#.............o....#
##...#...☼☼)).2.... ....
......#..§).)...........
......§°☼)))).......
#......D)§)§.......


You could see an accursed, 2 meat beasts, The Servant, a destroyer, 2 large bags
of meat, 2 meat berserkers and 8 bags of meat.

Vanquished Creatures
  A royal mummy (D)
  10 vampire knights (D)
  19 ogres (D)
  4 two-headed ogres (D)
  A lich (D)
  48 orcs (D)
  4 skeletal warriors (D)
87 creatures vanquished.

Notes
Turn   | Place    | Note
-------+----------+-------------------------------------------
     0 | D        | Found the +∞ Axe of Woe
     0 | D        | Nausicaa the Demonspawn Warper began the quest for the Orb.
     0 | D        | Reached XP level 1. HP: 16/16 MP: 3/3
     2 | D        | Noticed a bag of meat
     4 | D        | Became a worshipper of Makhleb the Destroyer
     5 | D        | Noticed a bag of meat
     6 | D        | Noticed a bag of meat
     6 | D        | Noticed a meat berserker
     6 | D        | Noticed a meat berserker
     7 | D        | Killed a meat berserker
     8 | D        | Gained mutation: You are partially covered in sharp spines.
                  | [demonic ancestry]
     8 | D        | Reached XP level 2. HP: 40/40 MP: 3/15
     8 | D        | Reached XP level 3. HP: 46/46 MP: 3/16
     8 | D        | Gained mutation: You regenerate a little health from kills.
                  | [demonic ancestry]
     8 | D        | Reached XP level 4. HP: 53/53 MP: 3/18
     8 | D        | Reached XP level 5. HP: 59/59 MP: 3/19
     8 | D        | Reached XP level 6. HP: 66/66 MP: 3/21
     8 | D        | Gained mutation: You have sharp toenails. [demonic
                  | ancestry]
     8 | D        | Reached XP level 7. HP: 72/72 MP: 3/22
     8 | D        | Gained mutation: You have sharp fingernails. [demonic
                  | ancestry]
     8 | D        | Reached XP level 8. HP: 79/79 MP: 3/24
     8 | D        | Gained mutation: You have a pair of small horns on your
                  | head. [demonic ancestry]
     8 | D        | Reached XP level 9. HP: 85/85 MP: 3/25
     8 | D        | Reached XP level 10. HP: 92/92 MP: 3/26
     8 | D        | Gained mutation: You have very sharp fingernails. [demonic
                  | ancestry]
     8 | D        | Reached XP level 11. HP: 98/98 MP: 3/27
     8 | D        | Reached XP level 12. HP: 105/105 MP: 3/28
     8 | D        | Gained mutation: You have claws for hands. [demonic
                  | ancestry]
     8 | D        | Reached XP level 13. HP: 111/111 MP: 3/29
     8 | D        | Killed a meat berserker
     8 | D        | Reached * piety under Makhleb
     9 | D        | Reached skill level 15 in Fighting
     9 | D        | Gained mutation: You have razor-sharp toenails. [demonic
                  | ancestry]
     9 | D        | Reached XP level 14. HP: 123/123 MP: 3/32
     9 | D        | Noticed a bag of meat
     9 | D        | Noticed a meat berserker
     9 | D        | Noticed a bag of meat
    10 | D        | Killed a bag of meat
    10 | D        | Noticed a bag of meat
    11 | D        | Killed a bag of meat
    11 | D        | Noticed a bag of meat
    12 | D        | Gained mutation: You punish those that try to bend your
                  | will. (Will+) [demonic ancestry]
    12 | D        | Reached XP level 15. HP: 129/129 MP: 4/33
    12 | D        | Noticed a meat berserker
    13 | D        | Noticed a meat berserker
    14 | D        | Noticed a destroyer
    15 | D        | Noticed a meat berserker
    16 | D        | Noticed a large bag of meat
    17 | D        | Killed a meat berserker
    17 | D        | Reached ** piety under Makhleb
    17 | D        | Killed a destroyer
    18 | D        | Reached skill level 27 in Axes
    18 | D        | Gained mutation: You have a pair of horns on your head.
                  | [demonic ancestry]
    18 | D        | Reached XP level 16. HP: 146/146 MP: 5/34
    18 | D        | Noticed a meat berserker
    18 | D        | Reached *** piety under Makhleb
    19 | D        | Gained mutation: You have a pair of large horns on your
                  | head. [demonic ancestry]
    19 | D        | Reached XP level 17. HP: 162/162 MP: 5/35
    19 | D        | Noticed a meat berserker
    20 | D        | Killed a meat berserker
    20 | D        | Reached **** piety under Makhleb
    20 | D        | Killed a meat berserker
    20 | D        | Reached ***** piety under Makhleb
    20 | D        | Noticed a destroyer
    21 | D        | Reached skill level 27 in Fighting
    21 | D        | Reached skill level 27 in Dodging
    21 | D        | Reached skill level 27 in Invocations
    21 | D        | Gained mutation: You have claws for feet. [demonic
                  | ancestry]
    21 | D        | Reached XP level 18. HP: 182/182 MP: 5/36
    21 | D        | Reached XP level 19. HP: 189/189 MP: 5/37
    21 | D        | Killed a destroyer
    22 | D        | Gained mutation: You regenerate health from kills. [demonic
                  | ancestry]
    22 | D        | Reached XP level 20. HP: 197/197 MP: 6/38
    22 | D        | Killed a meat berserker
    22 | D        | Reached ****** piety under Makhleb
    23 | D        | Reached skill level 27 in Armour
    23 | D        | Reached skill level 27 in Stealth
    23 | D        | Reached skill level 27 in Spellcasting
    23 | D        | Reached skill level 15 in Translocations
    23 | D        | Reached XP level 21. HP: 204/204 MP: 6/52
    26 | D        | Reached skill level 27 in Translocations
    26 | D        | Gained mutation: You are resistant to unholy torment.
                  | [demonic ancestry]
    26 | D        | Reached XP level 22. HP: 212/212 MP: 7/53
    26 | D        | Noticed a large bag of meat
    27 | D        | Reached skill level 27 in Throwing
    27 | D        | Killed a large bag of meat
    28 | D        | Gained mutation: You are mostly covered in sharp spines.
                  | [demonic ancestry]
    28 | D        | Reached XP level 23. HP: 217/219 MP: 7/54
    29 | D        | Reached skill level 27 in Unarmed Combat
    31 | D        | Reached skill level 27 in Maces & Flails
    31 | D        | Reached XP level 24. HP: 227/227 MP: 8/54
    31 | D        | Killed a large bag of meat
    32 | D        | Reached skill level 27 in Polearms
    32 | D        | Noticed a destroyer
    32 | D        | Noticed a large bag of meat
    34 | D        | Gained mutation: You regenerate a lot of health from kills.
                  | [demonic ancestry]
    34 | D        | Reached XP level 25. HP: 234/234 MP: 9/54
    35 | D        | Killed a destroyer
    35 | D        | Noticed a large bag of meat
    36 | D        | Reached skill level 27 in Staves
    37 | D        | Noticed a destroyer
    37 | D        | Noticed a destroyer
    38 | D        | Reached skill level 27 in Slings
    38 | D        | Noticed a destroyer
    40 | D        | Killed a large bag of meat
    40 | D        | Killed a large bag of meat
    41 | D        | Reached skill level 27 in Evocations
    41 | D        | Gained mutation: You can hurl damnation. [demonic ancestry]
    41 | D        | Reached XP level 26. HP: 174/242 MP: 11/54
    41 | D        | Noticed a destroyer
    42 | D        | Noticed a destroyer
    43 | D        | Killed a destroyer
    43 | D        | Killed a destroyer
    43 | D        | Killed a destroyer
    44 | D        | Reached skill level 27 in Short Blades
    44 | D        | Reached skill level 27 in Long Blades
    44 | D        | Gained mutation: You are completely covered in sharp
                  | spines. [demonic ancestry]
    44 | D        | Reached XP level 27. HP: 249/249 MP: 11/54
    44 | D        | Killed a destroyer
    45 | D        | Reached skill level 27 in Bows
    47 | D        | Noticed a destroyer
    47 | D        | Noticed an accursed
    49 | D        | Killed a destroyer
    49 | D        | Noticed a destroyer
    51 | D        | Reached skill level 27 in Crossbows
    52 | D        | Killed a destroyer
    52 | D        | Noticed The Servant
    53 | D        | Reached skill level 27 in Shields
    53 | D        | Noticed a tyrant
    53 | D        | Killed a tyrant
    54 | D        | Reached skill level 27 in Necromancy
    54 | D        | Noticed an accursed
    57 | D        | Reached skill level 27 in Summonings
    59 | D        | Noticed a large bag of meat
    59 | D        | Killed an accursed
    60 | D        | Reached skill level 27 in Poison Magic
    62 | D        | Killed a destroyer
    63 | D        | Reached skill level 27 in Conjurations
    66 | D        | Reached skill level 27 in Hexes
    66 | D        | Noticed a large bag of meat
    66 | D        | Noticed a destroyer
    66 | D        | Noticed a destroyer
    67 | D        | Noticed a meat beast
    68 | D        | Noticed a meat beast
    69 | D        | Annihilated by The Servant

Illustrated notes

Levels and vault maps discovered:
D:        meatsprint

Skill      XL: |  1  2  3  4  5  6  7  8  9 10 11 12 13 14 15 16 17 18 19 20 21 22 23 24 25 26 27 |
---------------+----------------------------------------------------------------------------------+-----
Fighting       | 13 15 19 22 27 | 27.0
Axes           | 12 14 21 27 | 27.0
Throwing       | 12 14 21 27 | 27.0
Armour         | 12 14 19 26 27 | 27.0
Dodging        | 12 14 17 21 27 | 27.0
Spellcasting   | 12 14 27 | 27.0
Translocations | 12 14 15 27 | 27.0
Invocations    | 16 22 27 | 27.0
Stealth        | 16 26 27 | 27.0
Unarmed Combat | 24 27 | 27.0
Maces & Flails | 27 | 27.0
Polearms       | 21 27 | 27.0
Staves         | 24 27 | 27.0
Slings         | 27 | 27.0
Evocations     | 27 | 27.0
Short Blades   | 19 27 | 27.0
Long Blades    | 27 | 27.0
Bows           | 17 27 | 27.0
Crossbows      | 27 | 27.0
Shields        | 27 | 27.0
Necromancy     | 27 | 27.0
Summonings     | 27 | 27.0
Poison Magic   | 27 | 27.0
Conjurations   | 27 | 27.0
Hexes          | 27 | 27.0
Transmutations | 16 | 16.7

Action                   |  1- 3 |  4- 6 |  7- 9 | 10-12 | 13-15 | 16-18 | 19-21 | 22-24 | 25-27 || total
-------------------------+-------+-------+-------+-------+-------+-------+-------+-------+-------++-------
Melee: Executioner's axe |     1 |       |       |       |     4 |     3 |     4 |     6 |    21 ||    39
Invok: Major Destruction |       |       |       |       |       |       |       |       |     1 ||     1
  Use: Scroll            |       |       |       |       |       |       |       |       |     1 ||     1
       Potion            |       |       |       |       |       |       |       |       |     1 ||     1
Armor: Leather armour    |       |       |       |       |       |       |       |       |     1 ||     1
Dodge: Dodged            |       |       |       |       |       |       |       |       |     3 ||     3

Table legend: (Time is in decaauts)
 A = Elapsed time spent in this place.
 B = Non-inter-level travel time spent in this place.
 C = Inter-level travel time spent in this place.
 D = Time resting spent in this place.
 E = Time spent auto-exploring this place.
 F = Levels seen in this place.
 G = Mean time per level.
                   A        B        C        D        E       F      G
               +--------+--------+--------+--------+--------+-----+--------+
         Total |     63 |     63 |      0 |      0 |      0 |   1 |   63.0 |
       Dungeon |     63 |     63 |      0 |      0 |      0 |   1 |   63.0 |
               +--------+--------+--------+--------+--------+-----+--------+

Top non-repeatable levels by time:
       D: 63 daAuts
